 Dungeon Crawl Stone Soup version 0.24.0-41-g2ae2f7f1be (webtiles) character file.

Game seed: 11066671087870748739, levelgen mode: deterministic

100 Kobolds4U the Conjurer (level 4, 0/24 HPs)
             Began as a Deep Elf Conjurer on Dec 14, 2019.
             Slain by a vampire bat (2 damage)
             ... on level 2 of the Dungeon.
             The game lasted 00:03:21 (1520 turns).

Kobolds4U the Conjurer (Deep Elf Conjurer)          Turns: 1520, Time: 00:03:21

Health: 0/24       AC:  2    Str:  6    XL:     4   Next: 46%
Magic:  1/10       EV: 13    Int: 20    God:
Gold:   113        SH:  0    Dex: 15    Spells: 6/9 levels left

rFire    . . .     SeeInvis .   e - +0 dagger
rCold    . . .     Gourm    .   (no shield)
rNeg     . . .     Faith    .   a - +0 robe
rPois    .         Spirit   .   (no helmet)
rElec    .         Reflect  .   (no cloak)
rCorr    .         Harm     .   (no gloves)
MR       .....                  (no boots)
Stlth    ++........             (no amulet)
HPRegen  0.08/turn              (no ring)
MPRegen  0.12/turn              (no ring)

@: no status effects
A: no striking features
a: no special abilities


You were on level 2 of the Dungeon.
You were hungry.

You visited 1 branch of the dungeon, and saw 2 of its levels.

You collected 113 gold pieces.

Inventory:

Hand Weapons
 e - a +0 dagger (weapon)
Armour
 a - a +0 robe (worn)
Scrolls
 d - 5 scrolls of identify {unknown}
 f - a scroll of enchant weapon {unknown}
 g - 3 scrolls of remove curse {unknown}
 j - a scroll of magic mapping {unknown}
 k - a scroll of teleportation {unknown}
 n - 4 scrolls of fog {unknown}
Potions
 h - a potion of curing {unknown}
 i - a potion of heal wounds {unknown}
 l - a potion of might {unknown}
 m - a potion of agility {unknown}
 o - a potion of cancellation {unknown}
Comestibles
 c - 8 rations


   Skills:
 - Level 2.4 Dodging
 - Level 2.4 Stealth
 - Level 3.0 Spellcasting
 + Level 6.5 Conjurations


You had 6 spell levels left.
You knew the following spells:

 Your Spells              Type           Power        Failure   Level  Hunger
a - Magic Dart            Conj           ####         1%          1    None
b - Searing Ray           Conj           ####..       1%          2    ##.....

Your spell library contained the following spells:

 Spells                   Type           Power        Failure   Level  Hunger
 Iskenderun's Mystic Bla  Conj           ####....     10%         4    ####...
 Dazzling Spray           Conj/Hex       ###...       11%         3    ###....
 Force Lance              Conj/Tloc      ###.....     36%         4    ####...
 Fulminant Prism          Conj/Hex       ###.......   36%         4    ####...


Dungeon Overview and Level Annotations

Branches:
Dungeon (2/15)

Altars:
Kikubaaqudgha
Nemelex Xobeh


Message History

* * * LOW HITPOINT WARNING * * *
The vampire bat draws strength from your injuries!
Casting: Magic Dart (safe; 1% risk of failure)
Confirm with . or Enter, or press ? or * to list all spells.
Aiming: Magic Dart (safe; 1% risk of failure)
Press: ? - help, Shift-Dir - straight line, f/p - vampire bat
Aim: a vampire bat The magic dart hits the vampire bat.
The vampire bat is lightly damaged.
The vampire bat bites you.
* * * LOW HITPOINT WARNING * * *
The vampire bat draws strength from your injuries!
The vampire bat bites you but does no damage.
The vampire bat closely misses you. The vampire bat barely misses you.
The vampire bat bites you.
* * * LOW HITPOINT WARNING * * *
The vampire bat draws strength from your injuries!
The vampire bat bites you.
You die...

#####.# #.#.# ####### ###
#.#.# ##.#.#.###### ###
#.#.# ##.⌠.#.⌠.#...###.#
#.#.# ##.#.#.#.#.#.#.##.##
#.#.# #...#.⌠.#.⌠.#.⌠.#..#
#.#.#
#⌠.⌠.#.#.#.#.#..'..###.#.#
#._...#.⌠.#.⌠.#.'...##.#.#
#⌠.⌠.#.#.#(#.#@.'.#.##.#.#
#.(.#.⌠.#.⌠.#b⌠.###.##.#.#
##.#.#.#.#.#.#.## #.##.#.#
##.⌠.#.⌠.#...## #.##.#.###
##.#.#.###### #.##.....#
####### #.##.#.#.#
#..#.#.#.# ##.#.#.#.#
#.#.#.#.#


You could see a vampire bat.

Vanquished Creatures
  A vampire bat (D:2)
  3 adders (D:2)
  2 leopard geckos (D:2)
  A ball python (D:2)
  2 bat skeletons (D:2)
  2 bat zombies (D:2)
  2 giant cockroaches
  5 goblins
  4 hobgoblins
  A quokka (D:2)
  3 bats
  3 frilled lizards
  2 kobolds (D:2)
31 creatures vanquished.

Notes
Turn   | Place    | Note
-------+----------+-------------------------------------------
     0 | D:1      | Kobolds4U the Deep Elf Conjurer began the quest for the
                  | Orb.
     0 | D:1      | Reached XP level 1. HP: 10/10 MP: 6/6
   291 | D:1      | Reached XP level 2. HP: 8/15 MP: 1/8
   298 | D:1      | Learned a level 2 spell: Searing Ray
   559 | D:1      | Reached skill level 5 in Conjurations
   855 | D:2      | Reached XP level 3. HP: 19/19 MP: 4/9
  1166 | D:2      | Reached skill level 6 in Conjurations
  1174 | D:2      | Found a sparkling altar of Nemelex Xobeh.
  1477 | D:2      | Found an ancient bone altar of Kikubaaqudgha.
  1483 | D:2      | Reached XP level 4. HP: 21/24 MP: 4/10
  1520 | D:2      | Slain by a vampire bat

Levels and vault maps discovered:
D:1:      evilmike_arrival_crescent, layout_rooms
D:2:      layout_basic, kennysheep_vampire_church, first_ration,
          nemelex_diamond_rough_becter

Skill      XL: |  1  2  3 |
---------------+----------+-----
Conjurations   | 5 6 |  6.5
Dodging        | |  2.4
Stealth        | |  2.4
Spellcasting   | |  3.0

Action                   |  1- 3 |  4- 6 || total
-------------------------+-------+-------++-------
Melee: Dagger            |     8 |     4 ||    12
 Cast: Magic Dart        |    53 |     9 ||    62
       Searing Ray       |     2 |       ||     2
 Stab: Sleeping          |     5 |       ||     5
  Eat: Chunk             |     1 |       ||     1
Armor: Robe              |     5 |     4 ||     9
Dodge: Dodged            |    12 |    19 ||    31
